 Dungeon Crawl Stone Soup version 0.24-a0-368-g0e0cebd0f3 (webtiles) character file.

Game seed: 13551608996058519667

3814 TheOvate the Gusty (level 10, -7/58 HPs)
             Began as a Tengu Air Elementalist on May 28, 2019.
             Was an Initiate of Vehumet.
             Killed by refrigeration
             ... invoked by Fannar
              (25 damage)
             ... on level 10 of the Dungeon.
             The game lasted 00:27:47 (9567 turns).

TheOvate the Gusty (Tengu Air Elementalist)         Turns: 9567, Time: 00:27:48

Health: -7/58      AC:  5    Str:  9    XL:     10   Next: 17%
Magic:  20/20      EV: 20    Int: 19    God:    Vehumet [......]
Gold:   530        SH:  0    Dex: 14    Spells: 8/21 levels left

rFire    . . .     SeeInvis .   o - +2 halberd (chop)
rCold    . . .     Gourm    .   (shield currently unavailable)
rNeg     . . .     Faith    .   m - +1 leather armour (curse)
rPois    .         Spirit   .   (helmet restricted)
rElec    .         Reflect  .   (no cloak)
rCorr    .         Harm     .   q - +0 pair of gloves
MR       .....                  (boots unavailable)
Stlth    ++........             h - amulet of regeneration
HPRegen  0.59/turn              k - +2 ring of slaying
MPRegen  0.17/turn              A - +3 ring of evasion

@: flying quickly and evasively, quick
A: beak, talons 3, able to fly
a: Stop Flying, Renounce Religion


You were on level 10 of the Dungeon.
You worshipped Vehumet.
Vehumet was noncommittal.
You were hungry.

You visited 2 branches of the dungeon, and saw 11 of its levels.
You also visited: Sewer.

You collected 530 gold pieces.

Inventory:

Hand Weapons
 o - a +2 halberd of chopping (weapon)
Missiles
 e - 30 poisoned darts (quivered)
 p - 4 silver javelins
 K - 2 atropa-tipped darts
Armour
 m - a cursed +1 leather armour (worn)
 q - a +0 pair of gloves (worn)
Jewellery
 h - an amulet of regeneration (around neck)
 k - a +2 ring of slaying (left hand)
 A - a +3 ring of evasion (right hand)
 B - an uncursed ring of flight {unknown}
 D - an uncursed ring of positive energy {unknown}
Wands
 w - a wand of clouds (5)
 H - a wand of random effects (26)
 I - a wand of flame (12)
 J - a wand of enslavement (9)
Scrolls
 d - 10 scrolls of identify
 i - a scroll of noise
 l - 2 scrolls of fear
 s - 2 scrolls of teleportation {unknown}
 v - a scroll of blinking {unknown}
 y - a scroll of summoning {unknown}
 C - a scroll of amnesia {unknown}
 E - a scroll of immolation {unknown}
 F - a scroll of vulnerability {unknown}
 M - a scroll of torment {unknown}
Potions
 a - 7 potions of curing
 b - a potion of agility {unknown}
 f - 4 potions of flight {unknown}
 g - 3 potions of berserk rage {unknown}
 j - 5 potions of heal wounds {unknown}
 n - 3 potions of might {unknown}
 t - 4 potions of resistance {unknown}
 u - 5 potions of brilliance {unknown}
 x - 2 potions of mutation {unknown}
 z - a potion of invisibility {unknown}
 G - a potion of ambrosia {unknown}
 L - a potion of degeneration {unknown}
Comestibles
 c - 21 rations


   Skills:
 + Level 4.4 Fighting
   Level 2.0 Maces & Flails
 - Level 7.0 Polearms
 - Level 1.5 Armour
 - Level 5.0 Dodging
 - Level 2.1 Stealth
 + Level 6.4 Spellcasting
 + Level 6.5 Conjurations
 - Level 7.0 Air Magic
 * Level 3.7 Earth Magic


You had 8 spell levels left.
You knew the following spells:

 Your Spells              Type           Power        Failure   Level  Hunger
a - Shock                 Conj/Air       ####         1%          1    None
b - Swiftness             Chrm/Air       ###.....     5%          2    None
c - Static Discharge      Conj/Air       ####....     2%          3    ##.....
d - Airstrike             Air            ####......   9%          4    ####...
e - Stone Arrow           Conj/Erth      ####..       5%          3    ##.....

Your spell library contained the following spells:

 Spells                   Type           Power        Failure   Level  Hunger
 Sandblast                Erth           ###...       3%          1    None
 Passwall                 Tmut/Erth      ##......     11%         2    None
 Animate Skeleton         Necr           N/A          14%         1    None
 Apportation              Tloc           #.....       14%         1    None
 Beastly Appendage        Tmut           #.....       14%         1    None
 Confusing Touch          Hex            #.....       14%         1    None
 Summon Small Mammal      Summ           #...         14%         1    None
 Sticks to Snakes         Tmut           #.......     22%         2    None
 Lightning Bolt           Conj/Air       ####......   26%         5    #####..
 Confuse                  Hex            #.......     41%         3    ##.....
 Gell's Gravitas          Tloc           #.........   41%         3    ##.....
 Spider Form              Tmut/Pois      #.........   41%         3    ##.....
 Petrify                  Tmut/Erth      ##......     56%         4    ####...
 Lee's Rapid Deconstruct  Erth           ###.......   65%         5    #####..
 Ice Form                 Ice/Tmut       #.......     82%         4    ####...
 Blade Hands              Tmut           #.........   99%         5    #####..
 Metabolic Englaciation   Hex/Ice        #.........   99%         5    #####..
 Yara's Violent Unravell  Hex/Tmut       #.........   99%         5    #####..


Dungeon Overview and Level Annotations

Branches:
Dungeon (10/15)            Temple (1/1) D:4            Lair (0/6) D:10
    Orc: D:9-12

Altars:
Ashenzari
Cheibriados
Dithmenos
Elyvilon
Fedhas
Gozag
Hepliaklqana
Kikubaaqudgha
Makhleb
Nemelex Xobeh
Okawaru
Qazlal
Ru
Sif Muna
Trog
Uskayaw
Vehumet
Wu Jian
Xom
Yredelemnul
Zin
The Shining One

Shops:
D:8 *

Annotations:
D:5 1 runed translucent door, Crazy Yiuf
D:10 Fannar


Innate Abilities, Weirdness & Mutations

You have a beak for a mouth.
You have claws for feet.
You can fly continuously.


Message History

Attack whom?
Press: ? - help, Dir - move target cursor, f - ice beast, p - Fannar
Aim: an ice beast (summoned)
You reach to attack!
You barely miss the ice beast.
Fannar says, "Does this not give you the chills?"
Fannar gestures wildly while chanting.
Fannar drains the heat from the surrounding environment!
You feel very cold.
Fannar is frozen.
Fannar resists.
Casting: Shock (safe; 1% risk of failure)
Confirm with . or Enter, or press ? or * to list all spells.
You don't know that spell.
You feel better.
The ice beast hits you but does no damage.
As you read the scroll labeled AKUINA XADONO, it crumbles to dust.
You feel aware of your surroundings.
It was a scroll of magic mapping.
The ice beast hits you. The ice beast freezes you.
Fannar mumbles some strange words.
Fannar drains the heat from the surrounding environment!
You feel very cold.
You die...

*,*,,,,,,#.....####+**,,,,,*,,
*,*,,,,,,#..........,,,,,,,*,,
*,######+#..########**,,,,,***
*,..........#,,,,,,,,*,,,,,,,,
*,..........#........+,,<,,,,,
****,..........##.......#,,,,,,,,
,,,,,.......†...#.......#,,,,,,**
,,,,,...........##......#,,,,,,*,
*****##.........@#......#,,,,,,*,
#........eY#......#,,,,,,*,
#..........#......#,,,,,,*+
#######....##'#+#+#.,,,,,,,
#..........[..#******
#.............# #.............#
###############


You could see Fannar and an ice beast.

Vanquished Creatures
  Grinder (D:5)
  A hornet (D:8)
  Sigmund (D:2)
  A water moccasin (D:10)
  A black bear (D:6)
  A sky beast (D:8)
  An orc warrior (D:8)
  3 ogres
  An ice beast (D:7)
  A phantom (D:7)
  A necrophage (D:8)
  3 centaurs
  4 big kobolds
  5 bullfrogs
  A scorpion (D:6)
  A howler monkey (D:4)
  A crimson imp (D:10)
  2 quasits
  A centaur zombie (D:5)
  5 hounds
  A bullfrog zombie (D:7)
  A bullfrog skeleton (D:7)
  A jelly (D:7)
  2 centaur skeletons
  2 orc priests (D:6)
  6 orc wizards
  Jessica (D:2)
  Natasha (twice) (D:2)
  An iguana (D:9)
  6 worker ants
  3 hound skeletons
  A worker ant zombie (D:7)
  10 gnolls
  16 adders
  4 river rats (Sewer)
  3 shadow imps
  An ooze (D:3)
  An adder zombie (D:6)
  2 adder skeletons
  3 worms
  2 dart slugs
  3 leopard geckos
  25 orcs
  5 ball pythons
  6 giant cockroaches
  9 goblins
  7 hobgoblins
  8 jackals
  5 quokkas
  6 bats
  13 frilled lizards
  24 kobolds
  2 leopard gecko skeletons
  29 rats
  2 fungi (D:5)
249 creatures vanquished.

Notes
Turn   | Place    | Note
-------+----------+-------------------------------------------
     0 | D:1      | TheOvate the Tengu Air Elementalist began the quest for the
                  | Orb.
     0 | D:1      | Reached XP level 1. HP: 10/10 MP: 4/4
   143 | D:1      | Reached XP level 2. HP: 9/15 MP: 0/6
   382 | D:1      | Learned a level 2 spell: Swiftness
   930 | D:1      | Reached skill level 5 in Air Magic
   930 | D:1      | Reached XP level 3. HP: 19/19 MP: 1/7
  1707 | D:2      | Noticed Sigmund
  1742 | D:2      | Killed Sigmund
  1742 | D:2      | Reached skill level 1 in Maces & Flails
  1742 | D:2      | Reached skill level 1 in Armour
  1742 | D:2      | Reached XP level 4. HP: 9/24 MP: 0/9
  1742 | D:2      | Gained mutation: You can fly continuously. [Tengu growth]
  1742 | D:2      | Reached XP level 5. HP: 10/28 MP: 0/10
  2029 | D:2      | Reached XP level 6. HP: 33/33 MP: 2/11
  2220 | D:2      | Noticed Natasha
  2244 | D:2      | Killed Natasha
  2340 | D:2      | Noticed Natasha
  2357 | D:2      | Killed Natasha
  2531 | D:2      | Found a burning altar of Makhleb.
  2665 | D:2      | Noticed Jessica
  2667 | D:2      | Killed Jessica
  2823 | D:3      | Found a glowing drain.
  2836 | Sewer    | Entered a sewer
  2953 | Sewer    | Reached skill level 1 in Polearms
  2953 | Sewer    | Reached XP level 7. HP: 33/37 MP: 4/13
  4090 | D:3      | Found an iron altar of Okawaru.
  4434 | D:4      | Found a glowing silver altar of Zin.
  4500 | D:4      | Reached XP level 8. HP: 42/42 MP: 14/14
  4539 | D:4      | Reached skill level 5 in Conjurations
  4805 | D:4      | Reached skill level 5 in Polearms
  4965 | D:4      | Found a staircase to the Ecumenical Temple.
  5009 | Temple   | Entered the Ecumenical Temple
  5297 | D:5      | Entered Level 5 of the Dungeon
  5315 | D:5      | Noticed Grinder
  5334 | D:5      | Killed Grinder
  5334 | D:5      | Reached skill level 5 in Spellcasting
  5496 | D:5      | Found a snail-covered altar of Cheibriados.
  5547 | D:5      | Reached skill level 1 in Fighting
  5560 | D:5      | Learned a level 3 spell: Static Discharge
  5565 | D:5      | Learned a level 4 spell: Airstrike
  5569 | D:5      | Learned a level 3 spell: Stone Arrow
  5740 | D:5      | Found a faded altar of an unknown god.
  5740 | D:5      | Found a shadowy altar of Dithmenos.
  5746 | D:5      | Found a faded altar of an unknown god.
  5748 | D:5      | Found a hazy altar of Hepliaklqana.
  5749 | D:5      | Found a shimmering altar of Xom.
  5945 | D:5      | Found a runed translucent door.
  5946 | D:5      | Noticed Crazy Yiuf
  6034 | D:6      | Reached skill level 1 in Earth Magic
  6035 | D:6      | Reached XP level 9. HP: 46/47 MP: 14/17
  7372 | D:7      | Reached skill level 5 in Dodging
  7819 | D:8      | Noticed a hornet
  7823 | D:8      | Killed a hornet
  8073 | D:8      | Reached XP level 10. HP: 56/56 MP: 18/20
  8146 | D:8      | Found Cifrawky's Lightly-Used Armoury.
  9037 | D:9      | Found a radiant altar of Vehumet.
  9065 | D:9      | Became a worshipper of Vehumet
  9527 | D:10     | Entered Level 10 of the Dungeon
  9553 | D:10     | Noticed Fannar
  9567 | D:10     | Killed from afar by Fannar

Levels and vault maps discovered:
D:1:      dpeg_arrival_windows_large_door, layout_loops_ring,
          chequers_serial_rivers_room_a, minmay_tromino_v4_c
D:2:      layout_loops_ring, skrybe_limestone_x, dk_vineyard_2,
          makhleb_blood_cavern_becter, uniq_jessica, uniq_sigmund, uniq_natasha
D:3:      layout_basic, portal_sewer_entry_b, first_ration, minmay_door_square,
          kennysheep_okawaru_gauntlet
D:4:      kennysheep_spiral_hall, layout_loops_ring, kennysheep_mini_moat,
          temple_hall
D:5:      layout_basic, cheibriados_altar_1,
          chequers_temple_overflow_minitemple, uniq_grinder,
          uniq_crazy_yiuf_cottage
D:6:      layout_basic
D:7:      layout_gridville
D:8:      layout_basic, minmay_shop_damaged
D:9:      layout_loops_corners, vehumet_crystals, grunt_ogre_cave
D:10:     cheibrodos_ideogram_h, layout_irregular_city, lair_entry_dummy,
          uniq_erolcha, uniq_grum, uniq_fannar
Temple:   eino_temple_scatter_basement

Skill      XL: |  1  2  3  4  5  6  7  8  9 10 |
---------------+-------------------------------+-----
Air Magic      | 5 6 7 |  7.0
Conjurations   | 3 4 5 6 |  6.5
Maces & Flails | 1 2 |  2.0
Armour         | 1 |  1.5
Spellcasting   | 3 5 6 |  6.4
Polearms       | 1 4 6 7 |  7.0
Dodging        | 4 5 |  5.0
Fighting       | 1 3 4 |  4.4
Earth Magic    | 1 3 |  3.7
Stealth        | |  2.1

Action                   |  1- 3 |  4- 6 |  7- 9 | 10-12 || total
-------------------------+-------+-------+-------+-------++-------
Melee: Unarmed           |    13 |       |       |       ||    13
       Kick              |     6 |     3 |    28 |     8 ||    45
       Peck              |     2 |     1 |    29 |     4 ||    36
       Mace              |    15 |       |       |       ||    15
       Halberd           |       |    39 |   284 |    65 ||   388
 Cast: Shock             |    75 |    59 |   115 |     7 ||   256
       Airstrike         |       |       |     3 |       ||     3
 Abil: Fly               |       |     1 |       |       ||     1
  Use: Potion            |     3 |     1 |     2 |     2 ||     8
       Scroll            |       |     4 |       |     1 ||     5
 Stab: Sleeping          |     1 |     4 |     7 |     1 ||    13
  Eat: Chunk             |     3 |     4 |    16 |     4 ||    27
Armor: Robe              |     2 |       |       |       ||     2
       Leather armour    |       |    11 |    41 |    16 ||    68
Dodge: Dodged            |    29 |    39 |   211 |    71 ||   350

Table legend:
 A = Non-vault XP
 B = Vault XP
 C = Vault XP percentage of total XP
 D = Non-vault monster count
 E = Vault monster count
 F = Vault count percentage of total count
                 A         B        C        D         E       F
            +---------+---------+-------+---------+---------+-------
      Total |    4198 |    1251 |  23.0 |     184 |      63 |  25.5
            +---------+---------+-------+---------+---------+-------
        D:1 |      51 |       2 |   3.8 |      29 |       2 |   6.5
        D:2 |     128 |     330 |  72.1 |      21 |       4 |  16.0
        D:3 |     142 |       7 |   4.7 |      26 |       4 |  13.3
        D:4 |     400 |      98 |  19.7 |      23 |       3 |  11.5
        D:5 |     268 |     300 |  52.8 |      10 |       1 |   9.1
        D:6 |     964 |       0 |   0.0 |      27 |       0 |   0.0
        D:7 |     753 |       0 |   0.0 |      17 |       0 |   0.0
        D:8 |     845 |       0 |   0.0 |      16 |       0 |   0.0
        D:9 |     444 |     112 |  20.1 |      13 |       1 |   7.1
       D:10 |     203 |       0 |   0.0 |       2 |       0 |   0.0
      Sewer |       0 |     402 | 100.0 |       0 |      48 | 100.0
            +---------+---------+-------+---------+---------+-------
